 Dungeon Crawl Stone Soup version 0.26.1-11-gd32895ea62 (webtiles) character file.

Game seed: 13747363681654950208

9267 Zeld the Geomancer (level 11, -2/67 HPs)
             Began as a Gargoyle Earth Elementalist on June 11, 2021.
             Was a Believer of Sif Muna.
             Slain by a sixfirhy (9 damage)
             ... on level 2 of the Abyss.
             The game lasted 00:23:10 (21162 turns).

Zeld the Geomancer (Gargoyle Earth Elementalist)   Turns: 21162, Time: 00:23:11

Health: -2/67      AC: 14    Str: 12    XL:     11   Next: 43%
Magic:  1/20       EV: 14    Int: 19    God:    Sif Muna [**....]
Gold:   319        SH:  0    Dex: 10    Spells: 8/23 levels left

rFire    . . .     SeeInvis .   a - +0 war axe of Insufficient Pleasure {speed, rN+}
rCold    . . .     Faith    .   (no shield)
rNeg     + + .     Spirit   .   c - +0 robe
rPois    ∞         Reflect  .   l - +0 helmet
rElec    +         Harm     .   f - +0 cloak
rCorr    .         Rampage  .   m - +0 pair of gloves
Will     .....                  k - +0 pair of boots
Stlth    +++.......             (no amulet)
HPRegen  0.21/turn              (no ring)
MPRegen  0.17/turn              (no ring)

@: about to teleport
A: negative energy resistance 1, electricity resistance, unbreathing,
petrification resistance, miasma immunity, AC +8
a: Renounce Religion, Channel Magic


You were on level 2 of the Abyss.
You worshipped Sif Muna.
Sif Muna was pleased with you.
You visited 2 branches of the dungeon, and saw 13 of its levels.
You visited the Abyss 1 time.

You collected 679 gold pieces.
You spent 360 gold pieces at shops.

Inventory:

Hand Weapons
 a - the +0 war axe of Insufficient Pleasure (weapon) {speed, rN+}
   (You found it on level 7 of the Dungeon)

   Attacks with this weapon are significantly faster.
   It protects you from negative energy.
Missiles
 d - 94 stones (quivered)
Armour
 c - a +0 robe (worn)
 f - a +0 cloak (worn)
 k - a +0 pair of boots (worn)
 l - a +0 helmet (worn)
 m - a +0 pair of gloves (worn)
 t - a +0 kite shield
Wands
 e - a wand of paralysis (9)
 y - a wand of enslavement (9)
 B - a wand of polymorph (11)
 G - a wand of iceblast (5)
 H - a wand of flame (37)
 I - a wand of acid (7)
Scrolls
 h - 3 scrolls of teleportation
 i - 12 scrolls of remove curse
 j - 6 scrolls of enchant weapon
 r - 2 scrolls of enchant armour
 u - 4 scrolls of magic mapping
Potions
 b - 2 potions of cancellation {unknown}
 n - a potion of invisibility {unknown}
 o - 2 potions of mutation {unknown}
 q - 2 potions of attraction {unknown}
 s - 2 potions of haste
 v - 3 potions of lignification {unknown}
 w - 4 potions of flight {unknown}
 x - 3 potions of brilliance {unknown}
 A - a potion of resistance {unknown}
 C - 2 potions of ambrosia {unknown}
 F - a potion of might {unknown}
Miscellaneous
 E - a lightning rod (4/4)


   Skills:
 + Level 7.5 Fighting
 + Level 6.0 Dodging
 - Level 5.0 Stealth
 * Level 9.2 Shields
 + Level 6.6 Spellcasting
 - Level 1.0 Transmutations
 * Level 11.1 Earth Magic


You had 8 spell levels left.
You knew the following spells:

 Your Spells              Type           Power        Failure   Level
a - Sandblast             Erth           96%          1%          1
b - Passwall              Tmut/Erth      24%          1%          2
c - Stone Arrow           Conj/Erth      54%          3%          3
d - Petrify               Tmut/Erth      29%          9%          4
e - Lee's Rapid Deconstr  Erth           24%          3%          5

Your spell library contained the following spells:

 Spells                   Type           Power        Failure   Level
 Beastly Appendage        Tmut           20%          7%          1
 Freeze                   Ice            24%          11%         1
 Wereblood                Tmut           10%          11%         2
 Spider Form              Tmut/Pois      4%           26%         3
 Confusing Touch          Hex            6%           32%         3
 Frozen Ramparts          Ice            12%          32%         3
 Gell's Gravitas          Tloc           3%           32%         3
 Ozocubu's Armour         Ice            6%           32%         3
 Ice Form                 Ice/Tmut       8%           65%         4
 Hailstorm                Conj/Ice       6%           71%         4
 Summon Ice Beast         Ice/Summ       6%           71%         4
 Blade Hands              Tmut           5%           89%         5
 Yara's Violent Unravell  Hex/Tmut       4%           94%         5
 Metabolic Englaciation   Hex/Ice        3%           96%         5


Dungeon Overview and Level Annotations

Branches:
Dungeon (12/15)            Temple (1/1) D:6            Lair (0/6) D:8
    Orc (0/2) D:9

Altars:
Ashenzari
Cheibriados
Dithmenos
Elyvilon
Fedhas
Gozag
Hepliaklqana
Kikubaaqudgha
Makhleb
Nemelex Xobeh
Okawaru
Qazlal
Ru
Sif Muna
Trog
Uskayaw
Vehumet
Wu Jian
Xom
Yredelemnul
Zin
The Shining One

Shops:
D:9 !

Annotations:
D:11 Erolcha
D:12 Maurice


Innate Abilities, Weirdness & Mutations

You are resistant to torment.
Your stone body is resilient. (AC +8)
You are immune to poison.
You resist negative energy. (rN+)
You are resistant to electric shocks. (rElec)
You can survive without breathing.
You are immune to petrification.
You are immune to miasma.


Message History

The sixfirhy hits you but does no damage.
You miss the sixfirhy.
The sixfirhy is heavily wounded.
The sixfirhy hits you but does no damage.
Unknown command.
You miss the sixfirhy.
The sixfirhy is moderately wounded.
Your magical contamination has completely faded away.
Unknown command.
The sixfirhy misses you. The sixfirhy closely misses you.
The sixfirhy hits you but does no damage.
The sixfirhy closely misses you. The sixfirhy hits you.
* * * LOW HITPOINT WARNING * * *
The sixfirhy shocks you. You resist.
* * * LOW HITPOINT WARNING * * *
Unknown command.
Found a scroll of identify.
The sixfirhy closely misses you. The sixfirhy hits you!
You die...

# #.. . ..#
## # .# . .
#. # # #. #
# ## # # #..
# ### # #.#
.. .#..# ..#
##.# .. .
.########?.#
# #...#
#....##@# #.
...
#.#.#.3#.# #
##.##.##.##
# .
...#..#.# .
..## ...# #.
.#.. ###.
.... .##.#.#
.# . #. #..
#..# .#
#.####3. ...
.#


You could see a sixfirhy.

Vanquished Creatures
  A two-headed ogre (D:10)
  An ugly thing (D:11)
  A cyclops (D:11)
  An elephant (D:8)
  A centaur zombie (D:10)
  Grinder (D:5)
  3 blink frogs (Abyss:2)
  A wyvern (D:7)
  A wraith (D:7)
  6 yaks
  A warg (D:9)
  A water moccasin (D:9)
  Duvessa (D:7)
  4 ice beasts
  4 orc warriors
  5 black bears
  A sky beast (D:10)
  7 ogres
  A phantom (D:5)
  4 centaurs
  An eye of draining (D:8)
  A necrophage (D:10)
  2 big kobolds
  2 bullfrogs
  Dowan (D:7)
  A wyvern skeleton (D:9)
  4 scorpions
  4 killer bees (D:10)
  8 wights
  A howler monkey (D:2)
  2 bullfrog zombies
  2 jellies (D:6)
  A quasit (D:9)
  6 orc priests
  7 hounds
  A bullfrog skeleton (D:9)
  Terence (D:3)
  Natasha (D:3)
  11 worker ants
  7 orc wizards
  A howler monkey zombie (D:10)
  2 worker ant zombies
  12 adders
  2 howler monkey skeletons (D:10)
  3 shadow imps
  5 white imps
  2 ufetubi
  An ooze (D:4)
  An adder skeleton (D:6)
  An adder zombie (D:9)
  A worm (D:2)
  A dart slug (D:1)
  7 leopard geckos
  17 orcs
  5 giant cockroaches
  4 goblins
  7 hobgoblins
  5 jackals
  18 kobolds
  4 quokkas
  A ball python (D:2)
  8 bats
  4 frilled lizards
  A leopard gecko skeleton (D:4)
  3 quokka skeletons
  7 rats
233 creatures vanquished.

Vanquished Creatures (others)
  2 starspawn tentacles (Abyss:2)
2 creatures vanquished.

Grand Total: 235 creatures vanquished

Notes
Turn   | Place    | Note
-------+----------+-------------------------------------------
     0 | D:1      | Zeld the Gargoyle Earth Elementalist began the quest for
                  | the Orb.
     0 | D:1      | Reached XP level 1. HP: 10/10 MP: 3/3
   269 | D:1      | Reached XP level 2. HP: 16/16 MP: 3/5
   272 | D:1      | Learned a level 2 spell: Passwall
   433 | D:1      | Reached skill level 1 in Transmutations
   807 | D:1      | Reached skill level 1 in Fighting
  1116 | D:2      | Reached XP level 3. HP: 20/20 MP: 4/6
  1166 | D:1      | Learned a level 3 spell: Stone Arrow
  1324 | D:2      | Reached skill level 4 in Earth Magic
  1402 | D:2      | Reached XP level 4. HP: 25/25 MP: 4/7
  3540 | D:3      | You fall into a shaft and drop 3 floors!
  3546 | D:5      | Entered Level 5 of the Dungeon
  3668 | D:4      | Reached XP level 5. HP: 30/30 MP: 6/9
  3991 | D:3      | Noticed Terence
  3996 | D:3      | Killed Terence
  4071 | D:3      | Found a basalt altar of Yredelemnul.
  4381 | D:3      | Noticed Natasha
  4387 | D:3      | Killed Natasha
  4895 | D:4      | Reached XP level 6. HP: 36/36 MP: 7/10
  4900 | D:4      | Learned a level 4 spell: Petrify
  5062 | D:4      | Reached skill level 1 in Shields
  5676 | D:5      | Noticed a phantom
  5698 | D:5      | Killed a phantom
  5699 | D:5      | Reached skill level 5 in Earth Magic
  5699 | D:5      | Reached XP level 7. HP: 35/41 MP: 4/11
  5800 | D:5      | Noticed Grinder
  5976 | D:5      | Killed Grinder
  6172 | D:5      | Reached XP level 8. HP: 21/48 MP: 5/13
  6230 | D:5      | Reached skill level 5 in Stealth
  6230 | D:5      | Reached skill level 6 in Earth Magic
  7041 | D:6      | Learned a level 5 spell: Lee's Rapid Deconstruction
  7226 | D:6      | Found a staircase to the Ecumenical Temple.
  7350 | Temple   | Entered the Ecumenical Temple
  7359 | Temple   | Became a worshipper of Sif Muna the Loreminder
  8342 | D:7      | Reached skill level 7 in Earth Magic
  8346 | D:7      | Reached XP level 9. HP: 52/52 MP: 8/15
  8478 | D:7      | Noticed Duvessa
  8478 | D:7      | Noticed Dowan
  8538 | D:7      | Killed Duvessa
  8585 | D:7      | Got a smoking war axe
  8642 | D:7      | Identified the cursed +0 war axe of Insufficient Pleasure
                  | {speed, rN+} (You found it on level 7 of the Dungeon)
  8899 | D:7      | Killed Dowan
  9031 | D:7      | Reached * piety under Sif Muna
  9178 | D:7      | Reached skill level 5 in Fighting
  9178 | D:7      | Reached skill level 5 in Shields
  9721 | D:8      | Noticed an elephant
 10717 | D:7      | Reached skill level 8 in Earth Magic
 11041 | D:8      | Reached skill level 5 in Spellcasting
 11270 | D:8      | Found a staircase to the Lair.
 11542 | D:8      | Killed an elephant
 11722 | D:8      | Found a hazy altar of Hepliaklqana.
 12709 | D:9      | Reached XP level 10. HP: 53/60 MP: 1/18
 12899 | D:9      | Reached skill level 9 in Earth Magic
 12900 | D:9      | Found Enkex's Distillery.
 12904 | D:9      | Bought a potion of heal wounds for 75 gold pieces
 12904 | D:9      | Bought a potion of curing for 45 gold pieces
 12904 | D:9      | Bought a potion of curing for 45 gold pieces
 12904 | D:9      | Bought a potion of haste for 150 gold pieces
 12904 | D:9      | Bought a potion of curing for 45 gold pieces
 13460 | D:9      | Found a staircase to the Orcish Mines.
 13471 | D:9      | Reached skill level 5 in Dodging
 14142 | D:9      | Found a sparkling altar of Nemelex Xobeh.
 14601 | D:10     | Entered Level 10 of the Dungeon
 15878 | D:10     | Reached skill level 10 in Earth Magic
 17391 | D:11     | Reached XP level 11. HP: 66/66 MP: 10/20
 17492 | D:11     | Found an opulent altar of Gozag.
 18003 | D:11     | Noticed a brown ugly thing
 18020 | D:11     | Killed a brown ugly thing
 18194 | D:11     | Reached ** piety under Sif Muna
 18567 | D:11     | Noticed a cyclops
 18576 | D:11     | Killed a cyclops
 19066 | D:12     | Noticed a two-headed ogre
 19946 | D:10     | Killed a two-headed ogre
 19947 | D:10     | Reached skill level 11 in Earth Magic
 20676 | D:12     | Noticed a boulder beetle
 20684 | D:12     | Noticed Erolcha
 20690 | D:12     | Noticed Maurice
 20707 | D:11     | Cast into level 2 of the Abyss (Erolcha)
 20858 | Abyss:2  | Noticed a tentacled starspawn
 20866 | Abyss:2  | Noticed a Hell Sentinel
 20890 | Abyss:2  | Found a corrupted altar of Lugonu.
 20996 | Abyss:2  | Noticed a thrashing horror
 21126 | Abyss:2  | Noticed a sixfirhy
 21162 | Abyss:2  | Slain by a sixfirhy

Illustrated notes

Levels and vault maps discovered:
D:1:      minmay_arrival_nine_rooms, layout_loops_ring, solitary_fountain,
          chequers_serial_rivers_micro_b, minmay_pentomino_u4
D:2:      layout_basic
D:3:      layout_basic, yredelemnul_altar_generic, minmay_misc_feat_hallway,
          kennysheep_generic_room_5, uniq_natasha, uniq_terence
D:4:      layout_loops_corners
D:5:      layout_cave_pools, uniq_grinder
D:6:      layout_loops_ring, minmay_temple_entry_antechambers, st_stairs_6
D:7:      layout_loops_corners, uniq_duvessa
D:8:      layout_loops_cross, david_lair_generic, amcnicky_altar_gilded
D:9:      layout_cross, david_orc_3, serial_shops, kennysheep_mini,
          nemelex_diamond_rough_becter
D:10:     layout_basic, minmay_diced_spiral
D:11:     layout_roguey, kennysheep_another_room, nicolae_gozag_seed_capital
D:12:     layout_basic, minmay_misc_feat_enclosed, uniq_maurice, uniq_erolcha
Temple:   dpeg_three_leaves_temple
Abyss:2:  base: D:11, evilmike_abyss_exit_15, guppyfry_abyss_exit_imp_island,
          hangedman_cross_veins

Skill      XL: |  1  2  3  4  5  6  7  8  9 10 11 |
---------------+----------------------------------+-----
Transmutations | 1 |  1.0
Fighting       | 1 2 3 4 5 6 7 |  7.5
Earth Magic    | 4 5 7 8 10 11 | 11.1
Dodging        | 2 3 4 5 6 |  6.0
Stealth        | 3 4 5 |  5.0
Shields        | 1 2 4 6 8 9 |  9.2
Spellcasting   | 3 4 5 6 |  6.6

Action                   |  1- 3 |  4- 6 |  7- 9 | 10-12 || total
-------------------------+-------+-------+-------+-------++-------
Melee: Unarmed           |    12 |    58 |    10 |       ||    80
       War axe           |       |       |    40 |   200 ||   240
 Cast: Sandblast         |    43 |    71 |   128 |     7 ||   249
       Passwall          |       |     2 |     2 |       ||     4
       Stone Arrow       |       |       |    74 |   175 ||   249
       Petrify           |       |       |     1 |     4 ||     5
       Lee's Rapid Decon |       |       |       |     9 ||     9
  Use: Scroll            |       |       |    16 |     8 ||    24
       Potion            |       |       |     6 |     9 ||    15
 Stab: Distracted        |       |     1 |       |       ||     1
Armor: Robe              |    11 |    40 |    88 |   136 ||   275
Dodge: Dodged            |    28 |    71 |   168 |   239 ||   506
